[Event "Titled Tuesday Blitz February 01 B 2022"]
[White "Murzin, Volodar"]
[Black "Barp, Alberto"]
[WhiteFideId "44155573"]
[BlackFideId "872555"]
[WhiteElo "2585"]
[BlackElo "2229"]
[Result "1-0"]
[Round "07"]
[TimeControl "180+1"]
[Date "2022.02.01"]
[WhiteClock "0:00:03"]
[BlackClock "0:00:05"]

1. e4 e5 2. Nf3 Nc6 3. Bb5 a6 4. Ba4 d6 5. O-O Bd7 6. d4 Nf6 7. Bxc6 Bxc6 8. Re1 exd4 9. Nxd4 Be7 10. Nc3 Bd7 11. Qf3 O-O 12. Nf5 Bxf5 13. Qxf5 Re8 14. Bg5 Nd7 15. Bxe7 Rxe7 16. Rad1 Re6 17. Qf4 Qf6 18. Qg3 c6 19. f4 Rae8 20. e5 Qf5 21. Qf2 d5 22. Ne2 Rh6 23. Ng3 Qg4 24. h3 Qh4 25. Nf5 Qxf2+ 26. Kxf2 Rhe6 27. Nd4 R6e7 28. g4 Nf8 29. Kf3 Ng6 30. Nf5 Rd7 31. c4 Kf8 32. cxd5 Rxd5 33. Rxd5 cxd5 34. Rc1 Ne7 35. Rc7 Nxf5 36. gxf5 Re7 37. Rc8+ Re8 38. Rxe8+ Kxe8 39. Ke3 Kd7 40. Kd4 Kc6 41. h4 g6 42. f6 h6 43. e6 1-0


[Site "https://www.chess.com"]

[Event "Titled Tuesday Blitz February 01 B 2022"]
[White "Mustafayev, Farid"]
[Black "Hess, Robert"]
[WhiteFideId "13408771"]
[BlackFideId "2022036"]
[WhiteElo "2129"]
[BlackElo "2557"]
[Result "0-1"]
[Round "07"]
[TimeControl "180+1"]
[Date "2022.02.01"]
[WhiteClock "0:00:32"]
[BlackClock "0:00:07"]

1. Nf3 g6 2. b3 Bg7 3. d4 c5 4. e3 Nf6 5. Bb2 cxd4 6. exd4 O-O 7. Nbd2 Qc7 8. g3 d6 9. Bg2 e5 10. dxe5 dxe5 11. Bxe5 Re8 12. O-O Rxe5 13. Nxe5 Qxe5 14. Re1 Qc7 15. Nc4 Nc6 16. Qd6 Qxd6 17. Nxd6 Rb8 18. Nxc8 Rxc8 19. c4 Rc7 20. Rad1 Bf8 21. Kf1 Kg7 22. h3 h5 23. Bf3 Bc5 24. h4 a5 25. Kg2 Nd4 26. Be4 b6 27. Bb1 a4 28. Re3 axb3 29. axb3 Ng4 30. b4 Nc2 31. Rf3 Nxb4 32. Be4 Bxf2 33. Rf1 Bd4 34. Kh3 f5 35. Bd5 Nxd5 36. cxd5 Rc2 0-1


[Site "https://www.chess.com"]

[Event "Titled Tuesday Blitz February 01 B 2022"]
[White "Nakamura, Hikaru"]
[Black "Muradli, Mahammad"]
[WhiteFideId "2016192"]
[BlackFideId "13409301"]
[WhiteElo "2850"]
[BlackElo "2645"]
[Result "1-0"]
[Round "07"]
[TimeControl "180+1"]
[Date "2022.02.01"]
[WhiteClock "0:00:06"]
[BlackClock "0:00:01"]

1. Nf3 c5 2. e4 d6 3. Bb5+ Bd7 4. Bxd7+ Nxd7 5. O-O Ngf6 6. Re1 e6 7. d3 Be7 8. Nbd2 O-O 9. c3 Rc8 10. Nf1 b5 11. Ng3 b4 12. cxb4 cxb4 13. d4 Qc7 14. Bd2 a5 15. a3 Qb7 16. axb4 axb4 17. Qb3 d5 18. e5 Ne4 19. Qd3 Nxd2 20. Nxd2 Rc7 21. f4 g6 22. Ngf1 Rfc8 23. g4 Nb6 24. Nf3 Nc4 25. Re2 Qb5 26. Rd1 b3 27. f5 Ra8 28. h4 Qb4 29. h5 gxf5 30. gxf5 Kh8 31. f6 Rg8+ 32. Kh1 Bf8 33. N1h2 Bh6 34. Rg1 Rxg1+ 35. Kxg1 Rc8 36. Rg2 Rg8 37. Rxg8+ Kxg8 38. Ng4 Bf4 39. Qe2 Qa4 40. Nf2 Qa1+ 41. Nd1 Bh6 42. Kf2 Qc1 43. Ne1 Kf8 44. Nd3 Qc2 45. Ne1 Qf5+ 46. Qf3 Qc2+ 47. Nxc2 bxc2 48. Qb3 cxd1=N+ 49. Qxd1 1-0


[Site "https://www.chess.com"]

[Event "Titled Tuesday Blitz February 01 B 2022"]
[White "Naroditsky, Daniel"]
[Black "Kosteniuk, Alexandra"]
[WhiteFideId "2026961"]
[BlackFideId "4128125"]
[WhiteElo "2608"]
[BlackElo "2469"]
[Result "1-0"]
[Round "07"]
[TimeControl "180+1"]
[Date "2022.02.01"]
[WhiteClock "0:00:57"]
[BlackClock "0:00:10"]

1. e4 c6 2. Nc3 d5 3. Qf3 e6 4. d4 Bb4 5. Qg3 g6 6. Ne2 Nf6 7. e5 Ne4 8. Qd3 c5 9. a3 cxd4 10. axb4 dxc3 11. Nxc3 Nxc3 12. Qxc3 Nc6 13. b5 d4 14. Qc5 Qe7 15. Qxe7+ Nxe7 16. Ra4 b6 17. Rxd4 Bb7 18. Bg5 Nd5 19. c4 h6 20. Bh4 Nb4 21. Kd2 g5 22. Bg3 Ke7 23. Kc3 a5 24. Rd6 Rhc8 25. f3 Bd5 26. b3 Rab8 27. Bf2 f6 28. Kb2 fxe5 29. Rxb6 Bb7 30. Be2 e4 31. fxe4 Bxe4 32. Rxb8 Rxb8 33. Rd1 Bxg2 34. Ra1 Rd8 35. Kc3 Bf3 36. Bf1 Bg2 37. Bc5+ Kf6 38. Bxb4 axb4+ 39. Kxb4 Bxf1 40. Rxf1+ Ke5 41. b6 Kd6 42. Rd1+ 1-0


[Site "https://www.chess.com"]

[Event "Titled Tuesday Blitz February 01 B 2022"]
[White "Nazaretyan, Tigran"]
[Black "Kamsky, Gata"]
[WhiteFideId "24162345"]
[BlackFideId "2000024"]
[WhiteElo "2192"]
[BlackElo "2645"]
[Result "1/2-1/2"]
[Round "07"]
[TimeControl "180+1"]
[Date "2022.02.01"]
[WhiteClock "0:00:19"]
[BlackClock "0:00:19"]

1. d4 d5 2. c4 c6 3. Nf3 Nf6 4. Nc3 a6 5. e3 Bf5 6. Bd3 Bxd3 7. Qxd3 e6 8. a3 Be7 9. e4 dxe4 10. Nxe4 Nbd7 11. O-O O-O 12. Rd1 Nxe4 13. Qxe4 Nf6 14. Qc2 Qc7 15. Bg5 Rfd8 16. Rd2 h6 17. Bh4 Nh5 18. Bxe7 Qxe7 19. Re1 Nf6 20. h3 Rd6 21. Rde2 Rad8 22. Qb3 Qc7 23. Qb4 R6d7 24. Re3 Ne8 25. R3e2 Nd6 26. g4 Ne8 27. a4 Nf6 28. Kg2 Qf4 29. Qd2 Qxd2 30. Rxd2 g5 31. b4 Nh7 32. Rb1 Nf8 33. b5 axb5 34. axb5 Ng6 35. bxc6 bxc6 36. Kg3 Ra7 37. Rb3 Ra4 38. Rc2 Rda8 39. h4 Ra3 40. Rcc3 Rxb3 41. Rxb3 gxh4+ 42. Nxh4 Nxh4 43. Kxh4 Ra4 44. Rc3 Ra2 45. f3 Rd2 46. d5 exd5 47. cxd5 cxd5 48. Kg3 Kg7 49. Kf4 Rd1 50. Rc6 Rd3 51. Rd6 f6 52. Rd7+ Kg6 53. Rd6 Rd1 54. Ke3 Kg5 55. Ke2 Rd4 56. Ke3 Rd1 57. Ke2 Rd4 58. Ke3 Rd1 1/2-1/2


[Site "https://www.chess.com"]

[Event "Titled Tuesday Blitz February 01 B 2022"]
[White "Nesterov, Arseniy"]
[Black "Bluebaum, Matthias"]
[WhiteFideId "24198455"]
[BlackFideId "24651516"]
[WhiteElo "2489"]
[BlackElo "2550"]
[Result "1/2-1/2"]
[Round "07"]
[TimeControl "180+1"]
[Date "2022.02.01"]
[WhiteClock "0:02:03"]
[BlackClock "0:02:28"]

1. d4 Nf6 2. c4 e6 3. Nf3 d5 4. Nc3 h6 5. Bf4 Bd6 6. Bg3 O-O 7. e3 Bxg3 8. hxg3 dxc4 9. Bxc4 Nbd7 10. O-O c5 11. dxc5 Nxc5 12. b4 Ncd7 13. Qb3 Qe7 14. Rfd1 b6 15. Rd2 Bb7 16. Rad1 Rfd8 17. Be2 Nf8 18. Nd4 1/2-1/2


[Site "https://www.chess.com"]

[Event "Titled Tuesday Blitz February 01 B 2022"]
[White "Paravyan, David"]
[Black "Golubka, Petro"]
[WhiteFideId "4194985"]
[BlackFideId "14114224"]
[WhiteElo "2569"]
[BlackElo "2392"]
[Result "1-0"]
[Round "07"]
[TimeControl "180+1"]
[Date "2022.02.01"]
[WhiteClock "0:00:05"]
[BlackClock "0:00:10"]

1. e4 a6 2. d4 h6 3. Nf3 b6 4. Bd3 Bb7 5. O-O e6 6. Re1 d6 7. a4 Nd7 8. Nbd2 g5 9. d5 e5 10. Nc4 Bg7 11. Nfd2 Nc5 12. Be2 Nf6 13. Bf1 O-O 14. b4 Ncd7 15. Ne3 c6 16. c4 a5 17. Ba3 axb4 18. Bxb4 Nc5 19. Nf5 cxd5 20. cxd5 Bc8 21. Nxg7 Kxg7 22. f3 Bd7 23. Bb5 Bxb5 24. axb5 Rxa1 25. Qxa1 Nd3 26. Rb1 Nxb4 27. Rxb4 Nd7 28. Rc4 Nc5 29. Nf1 Qa8 30. Rc1 Qe8 31. Ne3 Nb3 32. Nf5+ Kh7 33. Qa3 Nxc1 34. Qxd6 f6 35. Qc7+ Rf7 36. Qxc1 Qf8 37. d6 Qe8 38. Qc6 Qd8 39. h4 gxh4 40. Nxh4 f5 41. Nxf5 Qg5 42. d7 Rf8 43. Kf1 Rg8 44. g3 Rf8 45. Ke2 Rd8 46. Qxb6 Rxd7 47. Qe3 Qf6 48. g4 Qe6 49. Kf2 Rb7 50. Qd3 Rd7 51. Qc3 Qb6+ 52. Qe3 Qe6 53. Kg3 Rb7 54. Qc5 Rd7 55. b6 Rb7 56. Nd6 Rd7 57. b7 Qf6 58. b8=Q Qf4+ 59. Kg2 Qd2+ 60. Qf2 Qxd6 61. Qxd6 Rxd6 62. Qa7+ 1-0


[Site "https://www.chess.com"]

[Event "Titled Tuesday Blitz February 01 B 2022"]
[White "Postnikov, Daniil"]
[Black "Pakleza, Zbigniew"]
[WhiteFideId "4166329"]
[BlackFideId "1119290"]
[WhiteElo "2261"]
[BlackElo "2467"]
[Result "1-0"]
[Round "07"]
[TimeControl "180+1"]
[Date "2022.02.01"]
[WhiteClock "0:00:04"]
[BlackClock "0:00:05"]

1. e4 d6 2. Nc3 Nf6 3. g3 c6 4. Bg2 e5 5. Nge2 b5 6. a3 Be7 7. O-O O-O 8. d3 Nbd7 9. f4 Qb6+ 10. Kh1 Ng4 11. d4 a5 12. h3 Ngf6 13. Be3 Bb7 14. Bg1 Qc7 15. g4 b4 16. Nb1 exd4 17. Nxd4 c5 18. Nf5 Rfe8 19. Nd2 Bf8 20. Ng3 h6 21. h4 c4 22. c3 bxc3 23. bxc3 Nc5 24. Bxc5 Qxc5 25. g5 hxg5 26. hxg5 Nd7 27. Qg4 Rad8 28. a4 g6 29. Rae1 Bg7 30. Nb1 Bc6 31. Qh4 Bxa4 32. f5 Ne5 33. f6 Bh8 34. Rf4 Nd7 35. Ref1 Bc2 36. Nd2 d5 37. exd5 Re3 38. Qh2 Qd6 39. Rh4 Bxf6 40. gxf6 Nxf6 41. Rh8+ Kg7 42. Qh6# 1-0


[Site "https://www.chess.com"]

[Event "Titled Tuesday Blitz February 01 B 2022"]
[White "Salinas Herrera, Pablo"]
[Black "Praggnanandhaa R"]
[WhiteFideId "3407128"]
[BlackFideId "25059530"]
[WhiteElo "2541"]
[BlackElo "2599"]
[Result "1-0"]
[Round "07"]
[TimeControl "180+1"]
[Date "2022.02.01"]
[WhiteClock "0:00:03"]
[BlackClock "0:00:03"]

1. d4 Nf6 2. Bf4 d5 3. e3 Bg4 4. Qd3 Nbd7 5. c4 e6 6. Qb3 Bd6 7. Bxd6 cxd6 8. Nc3 dxc4 9. Bxc4 O-O 10. h3 Bh5 11. Nge2 a6 12. Nf4 b5 13. Bd3 Bg6 14. Nxg6 hxg6 15. a4 Qa5 16. O-O b4 17. Na2 Rab8 18. Rac1 Qb6 19. Rc2 e5 20. dxe5 dxe5 21. Rfc1 e4 22. Bf1 a5 23. Rc6 Qa7 24. Bb5 Ne5 25. Rc7 Qb6 26. Re7 Qd6 27. Ra7 Rbc8 28. Rd1 Qb6 29. Ra6 Qc5 30. Rxa5 Rfd8 31. Rf1 Nf3+ 32. gxf3 exf3 33. Kh2 Qe5+ 34. Kh1 Qh5 35. Kh2 Ng4+ 36. Kg3 Ne5 37. Rg1 Rd2 38. Qxb4 Qg5+ 39. Kh2 Rxf2+ 40. Kh1 Rg2 41. Qe1 f2 42. Qxf2 Rxg1+ 43. Qxg1 Qf5 44. Qf1 Qe4+ 45. Qg2 Qxe3 46. Bf1 Nf3 47. Rd5 Ne1 48. Qh2 Qe4+ 49. Bg2 Qb1 50. Qg1 Rc2 51. Rd8+ Kh7 52. Nc3 Qxb2 53. Qxe1 Rxg2 54. Qh4# 1-0


[Site "https://www.chess.com"]

[Event "Titled Tuesday Blitz February 01 B 2022"]
[White "Shahade, Gregory"]
[Black "Svane, Frederik"]
[WhiteFideId "2009064"]
[BlackFideId "12923044"]
[WhiteElo "2689"]
[BlackElo "2459"]
[Result "0-1"]
[Round "07"]
[TimeControl "180+1"]
[Date "2022.02.01"]
[WhiteClock "0:00:18"]
[BlackClock "0:00:06"]

1. e4 c5 2. Nf3 g6 3. d4 cxd4 4. Nxd4 Nc6 5. c4 Nf6 6. Nc3 d6 7. f3 Nxd4 8. Qxd4 Bg7 9. Be3 O-O 10. Qd2 a6 11. Be2 Qa5 12. O-O Bd7 13. c5 Rfd8 14. cxd6 exd6 15. Qxd6 Bb5 16. Bb6 Rxd6 17. Bxa5 Rd2 18. Nxb5 Rxe2 19. Nc7 Rc8 20. Rf2 Rxf2 21. Kxf2 b6 22. Bxb6 Rb8 23. Be3 Rxb2+ 24. Kg1 h5 25. Nxa6 Re2 26. Bd4 Rd2 27. Be5 h4 28. h3 Nh5 29. Bxg7 Kxg7 30. Nc5 Nf4 31. a4 Rxg2+ 32. Kh1 Rg3 33. a5 Rxh3+ 34. Kg1 Rg3+ 35. Kf2 Rg2+ 36. Ke3 g5 37. a6 Re2+ 38. Kd4 Rd2+ 39. Ke5 Kg6 40. a7 f6# 0-1


[Site "https://www.chess.com"]

[Event "Titled Tuesday Blitz February 01 B 2022"]
[White "Sjugirov, Sanan"]
[Black "Warmerdam, Max"]
[WhiteFideId "4189302"]
[BlackFideId "1048104"]
[WhiteElo "2602"]
[BlackElo "2537"]
[Result "0-1"]
[Round "07"]
[TimeControl "180+1"]
[Date "2022.02.01"]
[WhiteClock "0:00:02"]
[BlackClock "0:01:38"]

1. d4 d5 2. c4 e6 3. Nc3 a6 4. cxd5 exd5 5. Nf3 c6 6. Qc2 Nf6 7. Bg5 Be6 8. e3 h6 9. Bf4 c5 10. dxc5 Bxc5 11. Be2 O-O 12. O-O Nc6 13. Rad1 Qe7 14. Ne5 Rac8 15. Nxc6 Rxc6 16. Bf3 Rd8 17. Be5 Nd7 18. Bd4 Bxd4 19. Rxd4 Ne5 20. Be2 Rc5 21. Qd2 Nc6 22. Rf4 b5 23. b4 Rc4 24. Bxc4 dxc4 25. Qc1 Nxb4 26. Rd4 Nd3 27. Qd2 Rxd4 28. exd4 Qd6 29. Qe3 Bf5 30. Rd1 Bg6 31. h3 b4 32. Ne4 Qd5 33. Nc5 Nxc5 0-1


[Site "https://www.chess.com"]

[Event "Titled Tuesday Blitz February 01 B 2022"]
[White "Steinberg, Nitzan"]
[Black "Babazada, Khazar"]
[WhiteFideId "2801795"]
[BlackFideId "13413554"]
[WhiteElo "2440"]
[BlackElo "2418"]
[Result "1-0"]
[Round "07"]
[TimeControl "180+1"]
[Date "2022.02.01"]
[WhiteClock "0:00:03"]
[BlackClock "0:00:04"]

1. e4 Nf6 2. e5 Nd5 3. d4 d6 4. Nf3 Nb6 5. h3 g6 6. Be2 Bg7 7. exd6 cxd6 8. O-O O-O 9. Re1 Nc6 10. Nc3 Bf5 11. a3 e5 12. d5 Ne7 13. Be3 Rc8 14. a4 a6 15. a5 Nc4 16. Bxc4 Rxc4 17. Qe2 Rc8 18. Ra4 Bd7 19. Rb4 Qc7 20. Bb6 Qb8 21. Nd2 Rxc3 22. bxc3 Nxd5 23. Rb3 Ba4 24. Ra3 Bc6 25. f3 Nxb6 26. axb6 Qd8 27. Qf2 d5 28. Nb3 Re8 29. Na5 Qd6 30. Rb3 Bf8 31. c4 d4 32. Kh1 f5 33. Nxc6 Qxc6 34. f4 Qxc4 35. fxe5 Bb4 36. Re2 Bc3 37. Qf3 Re7 38. Rb1 a5 39. g4 fxg4 40. hxg4 Rf7 41. Qg2 Qe6 42. Rf1 Rxf1+ 43. Qxf1 Qd5+ 44. Kh2 d3 45. e6 Be5+ 46. Kh3 Qxe6 47. cxd3 Qd5 48. Re4 Kg7 49. Qf3 Qd6 50. d4 Bf6 51. d5 Qxb6 52. Re6 Qb1 53. Qxf6+ 1-0


[Site "https://www.chess.com"]

[Event "Titled Tuesday Blitz February 01 B 2022"]
[White "Suarez Uriel, Adrian"]
[Black "Blohberger, Felix"]
[WhiteFideId "22230874"]
[BlackFideId "1632051"]
[WhiteElo "2316"]
[BlackElo "2474"]
[Result "0-1"]
[Round "07"]
[TimeControl "180+1"]
[Date "2022.02.01"]
[WhiteClock "0:00:01"]
[BlackClock "0:00:24"]

1. e4 c5 2. Ne2 Nf6 3. Nbc3 d6 4. d4 cxd4 5. Nxd4 a6 6. h3 e6 7. g4 Nfd7 8. Bg2 b5 9. a3 Bb7 10. Be3 Be7 11. Qd2 Nc6 12. O-O-O Nce5 13. Bf1 Nb6 14. Kb1 Nbc4 15. Qe1 Rc8 16. Bc1 Qa5 17. f4 Nd7 18. Bxc4 Rxc4 19. g5 O-O 20. Nd5 Qd8 21. Nxe7+ Qxe7 22. f5 exf5 23. b3 Rxd4 24. Rxd4 Bxe4 25. Rf1 Rc8 26. Rf2 Qe6 27. Kb2 Ne5 28. Bf4 g6 29. Qd2 Rxc2+ 30. Qxc2 Bxc2 31. Rxc2 Kg7 32. Ka2 Nf3 33. Rxd6 Qe4 34. Rc7 Qxf4 35. Rdd7 Qh2+ 36. Kb1 Ne5 37. Re7 h6 38. h4 hxg5 39. hxg5 Qg1+ 40. Kb2 Qd4+ 41. Kc2 f4 42. Rcd7 Nxd7 0-1


[Site "https://www.chess.com"]

[Event "Titled Tuesday Blitz February 01 B 2022"]
[White "Svane, Rasmus"]
[Black "Gaehwiler, Gabriel"]
[WhiteFideId "4657101"]
[BlackFideId "1314530"]
[WhiteElo "2645"]
[BlackElo "2383"]
[Result "1-0"]
[Round "07"]
[TimeControl "180+1"]
[Date "2022.02.01"]
[WhiteClock "0:00:14"]
[BlackClock "0:00:02"]

1. Nf3 Nf6 2. g3 h6 3. Bg2 g6 4. O-O Bg7 5. d4 d6 6. Re1 O-O 7. e4 Nc6 8. d5 Nb8 9. Nc3 e5 10. dxe6 Bxe6 11. Nd4 Bc8 12. h3 a5 13. Be3 Re8 14. Qd2 Kh7 15. Rad1 Na6 16. f4 c6 17. Nb3 a4 18. Nc1 a3 19. bxa3 Qa5 20. Nb3 Qxa3 21. e5 dxe5 22. fxe5 Rxe5 23. Bd4 Rxe1+ 24. Rxe1 Be6 25. Qf2 Ne8 26. Bxg7 Nxg7 27. Ne4 Rd8 28. Nf6+ Kh8 29. g4 Bxb3 30. axb3 Qc5 31. Re3 Ne6 32. Kh2 Kg7 33. Ne4 Qe5+ 34. Ng3 Qc7 35. Qe1 Qf4 36. Rf3 Qd4 37. c3 Qd2 38. Qe5+ Kg8 39. Ne4 Qc1 40. Nf6+ Kf8 41. Ne4 Kg8 42. Rf1 Qc2 43. Rf2 Qc1 44. Nf6+ Kf8 45. Nd5 Kg8 46. Ne7+ Kf8 47. Qxe6 1-0


[Site "https://www.chess.com"]

[Event "Titled Tuesday Blitz February 01 B 2022"]
[White "Tang, Andrew"]
[Black "Bok, Benjamin"]
[WhiteFideId "2059630"]
[BlackFideId "1017063"]
[WhiteElo "2584"]
[BlackElo "2658"]
[Result "0-1"]
[Round "07"]
[TimeControl "180+1"]
[Date "2022.02.01"]
[WhiteClock "0:00:02"]
[BlackClock "0:00:37"]

1. d4 d5 2. Bf4 Nf6 3. e3 c5 4. Nc3 cxd4 5. exd4 a6 6. Nf3 Nc6 7. Ne5 Bd7 8. g3 e6 9. Bg2 Nxe5 10. dxe5 Ng8 11. O-O Ne7 12. Ne2 Rc8 13. Nd4 Ng6 14. Re1 Nxf4 15. gxf4 g6 16. Qg4 Qb6 17. Rad1 Bc5 18. c3 Qxb2 19. Bxd5 Bxd4 20. Rxd4 Qxc3 21. Rde4 exd5 22. e6 fxe6 23. Rxe6+ Kf8 24. Qg5 Bxe6 25. Rxe6 Re8 26. Rd6 Re7 27. Rd8+ Kf7 0-1


[Site "https://www.chess.com"]

[Event "Titled Tuesday Blitz February 01 B 2022"]
[White "Timofeev, Artyom"]
[Black "Kosakowski, Jakub"]
[WhiteFideId "4140419"]
[BlackFideId "1185080"]
[WhiteElo "2583"]
[BlackElo "2476"]
[Result "1-0"]
[Round "07"]
[TimeControl "180+1"]
[Date "2022.02.01"]
[WhiteClock "0:01:39"]
[BlackClock "0:00:43"]

1. d4 g6 2. e4 Bg7 3. Nf3 d6 4. c3 Nf6 5. Bd3 O-O 6. O-O Nc6 7. Re1 e5 8. Nbd2 Re8 9. h3 Nh5 10. Nb3 a5 11. a4 exd4 12. Nbxd4 Bd7 13. Bg5 Bf6 14. Be3 Ng7 15. Nb5 Ne6 16. Qd2 Bg7 17. Rad1 Qe7 18. Bc2 Rad8 19. Bb3 Ne5 20. Qe2 Nxf3+ 21. Qxf3 Bc6 22. Bd5 Nc5 23. Bxc6 bxc6 24. Na7 Qxe4 25. Nxc6 Qxf3 26. gxf3 Ra8 27. Bxc5 dxc5 28. Rxe8+ Rxe8 29. Rd8 Rxd8 30. Nxd8 Bh6 31. Nb7 Bc1 32. b3 Bd2 33. Nxa5 Bxc3 34. Nc4 Kf8 35. a5 Bxa5 36. Nxa5 Ke7 37. Nb7 Ke6 38. Nxc5+ Kd5 39. Ne4 Kd4 40. Kf1 f5 41. Ng5 Kc3 42. Nxh7 Kxb3 43. Nf8 c5 44. Nxg6 c4 45. Nf4 c3 46. h4 1-0


[Site "https://www.chess.com"]

[Event "Titled Tuesday Blitz February 01 B 2022"]
[White "Turski, Bartlomiej"]
[Black "Niemann, Hans Moke"]
[WhiteFideId "21810567"]
[BlackFideId "2093596"]
[WhiteElo "1935"]
[BlackElo "2636"]
[Result "0-1"]
[Round "07"]
[TimeControl "180+1"]
[Date "2022.02.01"]
[WhiteClock "0:00:10"]
[BlackClock "0:02:03"]

1. e4 e5 2. Nf3 Nc6 3. Bc4 Nf6 4. Ng5 d5 5. exd5 Na5 6. Bb5+ c6 7. dxc6 bxc6 8. Bd3 Nd5 9. h4 Nf4 10. Bf1 h6 11. Nf3 e4 12. d4 Ne6 13. Nfd2 Qxd4 14. Qe2 f5 15. Qh5+ Kd8 16. Qxf5 Nc5 17. Qf4 Bd6 18. Qe3 Qxe3+ 19. fxe3 Bg3+ 20. Kd1 Nab7 21. Nb3 Kc7 22. c3 Rd8+ 23. Kc2 Nd3 24. Bxd3 exd3+ 25. Kd2 Nd6 26. Nd4 c5 27. Kxd3 Ba6+ 28. Kc2 cxd4 29. exd4 Re8 30. Nd2 Re2 31. b3 Rf8 32. c4 Rff2 33. Rh3 Rxg2 34. Kd3 Bc8 35. Rh1 Bf5+ 36. Kc3 Bf4 37. Rf1 Bxd2+ 38. Bxd2 Rxd2 39. Rae1 a5 40. c5 Rc2# 0-1


[Site "https://www.chess.com"]

[Event "Titled Tuesday Blitz February 01 B 2022"]
[White "Vakhlamov, Igor L."]
[Black "Dobrov, Vladimir"]
[WhiteFideId "24126748"]
[BlackFideId "4136594"]
[WhiteElo "2401"]
[BlackElo "2614"]
[Result "0-1"]
[Round "07"]
[TimeControl "180+1"]
[Date "2022.02.01"]
[WhiteClock "0:00:10"]
[BlackClock "0:00:23"]

1. e4 c5 2. Nf3 Nc6 3. Nc3 e6 4. Bb5 Nge7 5. O-O b6 6. d4 cxd4 7. Nxd4 Bb7 8. Be3 Qc7 9. a4 Ng6 10. f4 Bc5 11. Kh1 O-O 12. f5 Nge5 13. f6 gxf6 14. Qd2 Nxd4 15. Bxd4 Qd6 16. Rad1 Qxd4 17. Qxd4 Bxd4 18. Rxd4 Kg7 19. Rd2 Rac8 20. Rdf2 a6 21. Bd3 Rc6 22. Rxf6 Rd6 23. R6f2 Rd4 24. Rd1 Rc8 25. Rfd2 Rb4 26. h3 Rxb2 27. Ne2 Rb4 28. Ra1 Rb2 29. Ra3 Nxd3 30. Raxd3 Rcxc2 31. Rxc2 Rxc2 32. Rxd7 Bxe4 33. Nf4 e5 34. Nh5+ Kg6 35. Ng3 Bxg2+ 36. Kg1 Bxh3 37. Rd6+ Be6 38. Ne4 Rc4 39. Nd2 Rd4 40. Rxd4 exd4 41. Kf2 Bd5 42. Ke2 Kf5 43. Kd3 Ke5 44. a5 bxa5 45. Kc2 h5 46. Kb2 h4 47. Ka3 h3 48. Ka4 h2 49. Kxa5 h1=Q 50. Kxa6 Qd1 51. Kb6 Qxd2 52. Kc7 Qb4 53. Kd8 Kd6 54. Ke8 Qb8# 0-1


[Site "https://www.chess.com"]

[Event "Titled Tuesday Blitz February 01 B 2022"]
[White "Van Foreest, Jorden"]
[Black "Bortnyk, Olexandr"]
[WhiteFideId "1039784"]
[BlackFideId "14120828"]
[WhiteElo "2609"]
[BlackElo "2723"]
[Result "1-0"]
[Round "07"]
[TimeControl "180+1"]
[Date "2022.02.01"]
[WhiteClock "0:00:43"]
[BlackClock "0:00:03"]

1. b3 d5 2. Bb2 Bf5 3. Nf3 e6 4. g3 h6 5. Bg2 Nd7 6. O-O Ngf6 7. d3 Bh7 8. Nbd2 c6 9. Re1 Bc5 10. e4 O-O 11. e5 Ne8 12. h4 a5 13. a3 b5 14. Nf1 Qb6 15. Qd2 Kh8 16. N1h2 Be7 17. Ng4 c5 18. Bc1 Rc8 19. Rb1 Qa6 20. Bf1 Qa7 21. Qe3 Qc7 22. Bd2 c4 23. bxc4 bxc4 24. dxc4 dxc4 25. Rb5 c3 26. Bc1 h5 27. Nh6 gxh6 28. Qxh6 Rg8 29. Bd3 Nf8 30. Qxh5 Ng7 31. Qh6 Nf5 32. Bxf5 exf5 33. Bf4 Qc6 34. e6 f6 35. Ne5 Qxe6 36. Rb6 fxe5 37. Rxe6 exf4 38. Rxe7 Rg6 39. Qxf4 Kg8 40. h5 Rg4 41. Qe5 Rd8 42. h6 1-0


[Site "https://www.chess.com"]

[Event "Titled Tuesday Blitz February 01 B 2022"]
[White "Wagner, Dennis"]
[Black "Domingo Nunez, Alejandro"]
[WhiteFideId "24650684"]
[BlackFideId "22245561"]
[WhiteElo "2355"]
[BlackElo "2215"]
[Result "1-0"]
[Round "07"]
[TimeControl "180+1"]
[Date "2022.02.01"]
[WhiteClock "0:00:14"]
[BlackClock "0:00:04"]

1. d4 g6 2. c4 Bg7 3. e4 d6 4. Nc3 Nd7 5. Be2 e5 6. Nf3 Ne7 7. h4 exd4 8. Nxd4 Nc6 9. Be3 O-O 10. h5 Re8 11. Qd2 Nf6 12. h6 Bh8 13. f3 Nxd4 14. Bxd4 Be6 15. O-O-O a6 16. g4 c5 17. Bf2 Qa5 18. g5 Nd7 19. Kb1 b5 20. Nd5 Qd8 21. cxb5 axb5 22. Bxb5 Rb8 23. a4 Ne5 24. f4 Nf3 25. Qe2 Nd4 26. Bxd4 cxd4 27. Bxe8 d3 28. Rxd3 Rxb2+ 29. Qxb2 Bxb2 30. Kxb2 Bxd5 31. Rxd5 Qxe8 32. Rc1 Qb8+ 33. Ka3 f6 34. gxf6 Kf7 35. e5 dxe5 36. fxe5 Qb7 37. Rcc5 Qb1 38. Rd7+ Ke6 39. Rd6+ Kf5 40. f7 Qc1+ 41. Rxc1 1-0


[Site "https://www.chess.com"]

[Event "Titled Tuesday Blitz February 01 B 2022"]
[White "Xiong, Jeffery"]
[Black "Boros, Denes"]
[WhiteFideId "2047640"]
[BlackFideId "722340"]
[WhiteElo "2727"]
[BlackElo "2464"]
[Result "1-0"]
[Round "07"]
[TimeControl "180+1"]
[Date "2022.02.01"]
[WhiteClock "0:01:08"]
[BlackClock "0:00:54"]

1. Nf3 Nf6 2. c4 g6 3. b4 Nc6 4. a3 e5 5. d3 Bg7 6. Bb2 d6 7. g3 Bf5 8. Bg2 Qd7 9. Nc3 O-O 10. O-O Nd4 11. Nd2 Bh3 12. e3 Bxg2 13. Kxg2 Ne6 14. Nd5 c6 15. Nxf6+ Bxf6 16. h4 Bg7 17. h5 Rae8 18. Rh1 d5 19. Qe2 f5 20. hxg6 hxg6 21. cxd5 cxd5 22. Rh4 Rc8 23. Nf3 e4 24. Ne5 exd3 25. Nxd7 dxe2 26. Bxg7 Rfd8 27. Be5 Rc2 28. Rh8+ Kf7 29. Rh7+ Kg8 30. Nf6+ Kf8 31. Rah1 Rd2 32. Rxb7 1-0


[Site "https://www.chess.com"]

[Event "Titled Tuesday Blitz February 01 B 2022"]
[White "Yoo, Christopher Woojin"]
[Black "Kravtsiv, Martyn"]
[WhiteFideId "30909694"]
[BlackFideId "14113147"]
[WhiteElo "2105"]
[BlackElo "2694"]
[Result "1-0"]
[Round "07"]
[TimeControl "180+1"]
[Date "2022.02.01"]
[WhiteClock "0:01:47"]
[BlackClock "0:00:52"]

1. e4 e5 2. Nf3 Nc6 3. Bb5 a6 4. Ba4 Nf6 5. d4 exd4 6. O-O b5 7. Bb3 Be7 8. e5 Ne4 9. Bd5 Nc5 10. Nxd4 Bb7 11. Nf5 O-O 12. Re1 Ne6 13. Nc3 Bb4 14. Qg4 h5 15. Qxh5 Bxc3 16. bxc3 Na5 17. Bxb7 Nxb7 18. Re4 f6 19. Nh6+ gxh6 20. Rg4+ Ng7 21. Rxg7+ Kxg7 22. Bxh6+ Kh7 23. Bxf8+ Kg8 24. Qg6+ Kxf8 25. exf6 1-0


[Site "https://www.chess.com"]

[Event "Titled Tuesday Blitz February 01 B 2022"]
[White "Yuan, Qingyu"]
[Black "Ibarra Jerez, Jose Carlos"]
[WhiteFideId "8609772"]
[BlackFideId "2226332"]
[WhiteElo "2359"]
[BlackElo "2626"]
[Result "0-1"]
[Round "07"]
[TimeControl "180+1"]
[Date "2022.02.01"]
[WhiteClock "0:00:02"]
[BlackClock "0:00:30"]

1. Nf3 Nf6 2. g3 g6 3. b3 Bg7 4. Bb2 d6 5. d4 O-O 6. Bg2 b5 7. Ne5 dxe5 8. Bxa8 c6 9. a4 b4 10. O-O Nd5 11. dxe5 Nc7 12. Nd2 Nxa8 13. Nc4 Qc7 14. e4 c5 15. Qe2 Nc6 16. f4 Ba6 17. Rad1 Nb6 18. Rd2 Na5 19. Rfd1 Bxc4 20. bxc4 Naxc4 21. a5 Nxb2 22. axb6 Qxb6 23. Ra1 a5 24. Kg2 a4 25. h4 a3 26. h5 c4 27. hxg6 hxg6 28. Rd7 e6 29. Rh1 a2 30. Qg4 Rd8 31. Rxd8+ Qxd8 32. Qh3 Qd2+ 33. Kf3 Nd1 34. Qh4 a1=Q 35. Qd8+ Qxd8 0-1


[Site "https://www.chess.com"]